 Dungeon Crawl Stone Soup version 0.31-a0-691-g409c26aa35 (webtiles) character file.

Game seed: 13149928016054799053

130 qw the Shooter (level 5, 0/32 HPs)
             Began as a Gargoyle Hunter on Sept 6, 2023.
             Slain by a gnoll
             ... wielding a +0 spear
              (3 damage)
             ... on level 3 of the Dungeon.
             The game lasted 00:00:40 (1320 turns).

qw the Shooter (Gargoyle Hunter)                    Turns: 1320, Time: 00:00:40

Health: 0/32       AC:  7    Str: 15    XL:     5   Next: 14%
Magic:  5/5        EV: 11    Int:  9    God:
Gold:   47         SH:  0    Dex: 15    Spells: 4/4 levels left

rFire   . . .        Y - +2 shortbow (heavy)
rCold   . . .        (shield currently unavailable)
rNeg    + . .        c - +0 leather armour
rPois   inf          (no helmet)
rElec   +            (no cloak)
rCorr   .            (no gloves)
SInv    .            (no boots)
Will    .....        (no amulet)
Stlth   ++           (no ring)
HPRegen 0.25/turn    (no ring)
MPRegen 0.09/turn

%: no passive effects
@: about to teleport
A: sickness immunity, AC +4, negative energy resistance 1, electricity
resistance, torment resistance 1, petrification resistance
a: no special abilities


You were on level 3 of the Dungeon.
You visited 1 branch of the dungeon, and saw 3 of its levels.

You collected 96 gold pieces.
You spent 49 gold pieces at shops.


Innate Abilities, Weirdness & Mutations

You are immune to sickness and miasma.
Your stone body is resilient. (AC +4)
You are immune to poison.
You resist negative energy. (rN+)
You are resistant to electric shocks. (rElec)
You are resistant to unholy torment.
You are immune to petrification.


   Skills:
 - Level 3.2 Fighting
 + Level 5.9 Ranged Weapons
 - Level 1.5 Dodging
 - Level 1.1 Stealth


You had 4 spell levels left.
You didn't know any spells.
Your spell library was empty.

Inventory:

Hand Weapons
 Y - a +2 heavy shortbow (weapon)
Armour
 b - a +0 pair of boots
 c - a +0 leather armour (worn)
 e - a +0 ring mail
 k - a +0 pair of gloves
Scrolls
 i - a scroll of amnesia {unknown}
Potions
 d - a potion of cancellation {unknown}
 f - a potion of magic {unknown}
 g - 2 potions of enlightenment {unknown}
 h - a potion of curing {unknown}
 j - a potion of brilliance {unknown}

Dungeon Overview and Level Annotations

Branches:
Dungeon (3/15)

Altars:

Shops:
D:3 [


Message History

You shoot an arrow. The arrow hits the gnoll!
You kill the gnoll!
You have reached level 5!
You shoot an arrow. The arrow barely misses the gnoll.
You shoot an arrow. The arrow closely misses the gnoll.
The gnoll hits you but does no damage. The gnoll closely misses you.
You shoot an arrow. The arrow barely misses the gnoll.
The arrow hits the frilled lizard!
You kill the frilled lizard!
The gnoll barely misses you.
You shoot an arrow. The arrow hits the gnoll.
The gnoll is moderately wounded.
The gnoll hits you but does no damage. The gnoll hits you with a +0 club.
The gnoll closely misses you. The gnoll completely misses you.
You shoot an arrow. The arrow hits the gnoll.
The gnoll is heavily wounded.
The gnoll misses you. The gnoll hits you but does no damage.
The gnoll closely misses you. The gnoll completely misses you.
You shoot an arrow. The arrow hits the gnoll.
The gnoll is almost dead.
The gnoll hits you from afar with a +0 spear.
The gnoll barely misses you.
You shoot an arrow. The arrow barely misses the gnoll.
The gnoll barely misses you. The gnoll hits you with a +0 club.
The gnoll hits you from afar with a +0 spear.
The gnoll barely misses you.
A worm comes into view.
You shoot an arrow. The arrow hits the gnoll.
You kill the gnoll!
The gnoll hits you from afar with a +0 spear.
The gnoll barely misses you. The gnoll hits you with a +0 flail.
The gnoll hits you from afar with a +0 spear!
You shoot an arrow. The arrow barely misses the gnoll.
The gnoll hits you from afar with a +0 spear.
The gnoll hits you with a +0 flail.
1320 ||| READING scroll of teleportation.
As you read the scroll of teleportation, it crumbles to dust.
You feel strangely unstable.
The gnoll hits you from afar with a +0 spear.
You die...

#####.###...##......##.......
#........####'####.......
#######..# #..# #....... #..#
##.###....... #..##
#...........# #...#
#...........# ##..#
#.......<..<. #..#
#......###### #@.# #......#
.. #)g# #......# ..
.ggg..g%...#......# ..
..l.......w..###### ..
....$...)....# ..
.............# ..
.............+ #+
.............# ####.........#


You could see a worm and 2 gnolls.

Vanquished Creatures
  An iguana (D:3)
  2 gnolls (D:3)
  2 adders (D:2)
  A worm (D:3)
  2 dart slugs
  An orc (D:3)
  7 endoplasms
  3 giant cockroaches (D:1)
  5 hobgoblins
  8 jackals
  2 quokkas (D:1)
  A ball python (D:1)
  A bat (D:1)
  4 frilled lizards
  4 goblins
  8 kobolds
  3 rats
55 creatures vanquished.

Notes
Turn   | Place    | Note
-------+----------+-------------------------------------------
     0 | D:1      | qw the Gargoyle Hunter began the quest for the Orb.
     0 | D:1      | Reached XP level 1. HP: 12/12 MP: 1/1
     0 | D:1      | 0 ||| qw: Version: 0.3-a-76-g4403597
     0 | D:1      | 0 ||| qw: Game counter: 217
     0 | D:1      | 0 ||| qw: Melee chars always use a shield: true
     0 | D:1      | 0 ||| qw: God list: Okawaru
     0 | D:1      | 0 ||| qw: Allow faded altars: false
     0 | D:1      | 0 ||| qw: Do Orc after clearing Dungeon:15 true
     0 | D:1      | 0 ||| qw: Do second Lair branch before Depths: true
     0 | D:1      | 0 ||| qw: Lair rune preference: random
     0 | D:1      | 0 ||| qw: Goals: Normal
     0 | D:1      | 0 ||| PLANNING D:1-11
   106 | D:1      | Reached XP level 2. HP: 17/17 MP: 2/2
   424 | D:1      | Reached XP level 3. HP: 21/21 MP: 3/3
   495 | D:1      | Reached skill level 5 in Ranged Weapons
   568 | D:1      | 568 ||| READING 2 scrolls labelled QIMNID BYVYI.
   573 | D:1      | 573 ||| READING 3 scrolls labelled ZOGYWOKEIDGH.
   574 | D:1      | 574 ||| READING scroll labelled NASIOGG TENIF.
   575 | D:1      | 575 ||| READING scroll labelled BIUSSO VOIC.
   576 | D:1      | 576 ||| DROPPING scroll of butterflies.
   577 | D:1      | 577 ||| DROPPING 2 scrolls of fear.
   655 | D:2      | 655 ||| READING scroll of enchant weapon.
   655 | D:2      | 655 ||| ENCHANTING +1 shortbow.
   839 | D:2      | Reached skill level 3 in Fighting
   857 | D:2      | Reached XP level 4. HP: 28/28 MP: 4/4
   955 | D:2      | 955 ||| READING scroll labelled XYOZOFF HIZIEH.
   956 | D:2      | 956 ||| READING scroll labelled YKUUTU RAUFEHE ORO.
   957 | D:2      | 957 ||| READING scroll labelled XACKEWNAHA.
   958 | D:2      | 958 ||| DRINKING 2 fizzy blue potions.
   959 | D:2      | 959 ||| DROPPING potion of invisibility.
   990 | D:3      | Found Ledaj's Armour Boutique.
   992 | D:3      | Found a faded altar of an unknown god.
   994 | D:3      | 994 ||| BUYING +0 pair of boots (49 gold).
   994 | D:3      | Bought a +0 pair of boots for 49 gold pieces
   994 | D:3      | 994 ||| SHOPLISTING +0 ring mail (44 gold, have 12).
   994 | D:3      | 994 ||| SHOPLISTING +2 leather armour of positive energy
                  | (176 gold, have 12).
  1061 | D:3      | HP: 5/28 [iguana (9)]
  1062 | D:3      | 1062 ||| READING 2 scrolls of teleportation.
  1063 | D:3      | HP: 2/28 [iguana (3)]
  1309 | D:3      | 1309 ||| RETREATING.
  1311 | D:3      | Reached XP level 5. HP: 32/32 MP: 5/5
  1319 | D:3      | HP: 7/32 [gnoll/+0 spear (2)]
  1319 | D:3      | HP: 3/32 [gnoll/+0 flail (4)]
  1320 | D:3      | 1320 ||| READING scroll of teleportation.
  1320 | D:3      | Slain by a gnoll

Levels and vault maps discovered:
D:1:      minmay_arrival_semitransparent, layout_loops_ring
D:2:      layout_rooms
D:3:      layout_basic, mainiacjoe_overflow_boulevard, slow_altar_2,
          hellmonk_ecumenical_altar_lost_god, serial_shops, shop,
          kennysheep_another_room

Skill      XL: |  1  2  3 |
---------------+----------+-----
Ranged Weapons | 5 |  5.9
Fighting       | 3 |  3.2
Dodging        | |  1.5
Stealth        | |  1.1

Action                     |  1- 3 |  4- 6 || total
---------------------------+-------+-------++-------
   Fire: Shortbow          |   114 |    48 ||   162
    Use: Scroll            |     5 |     5 ||    10
         Potion            |       |     1 ||     1
 Armour: Leather armour    |    39 |    24 ||    63
  Dodge: Dodged            |    61 |    18 ||    79

Table legend:
 A = Non-vault XP
 B = Vault XP
 C = Vault XP percentage of total XP
 D = Non-vault monster count
 E = Vault monster count
 F = Vault count percentage of total count
                 A         B        C        D         E       F
            +---------+---------+-------+---------+---------+-------
      Total |     187 |       0 |   0.0 |      55 |       0 |   0.0
            +---------+---------+-------+---------+---------+-------
        D:1 |      46 |       0 |   0.0 |      26 |       0 |   0.0
        D:2 |      54 |       0 |   0.0 |      16 |       0 |   0.0
        D:3 |      87 |       0 |   0.0 |      13 |       0 |   0.0
            +---------+---------+-------+---------+---------+-------
